 Dungeon Crawl Stone Soup version 0.31.0-9-g3a7656b989 (webtiles) character file.

Game seed: 1136705565574931818

42403 qw the Markself (level 13, -1/82 HPs)
             Began as a Deep Elf Hunter on Feb 2, 2024.
             Was a High Priest of Okawaru.
             Slain by a lindwurm (2 damage)
             ... while petrified by a basilisk
             ... on level 5 of the Lair of Beasts.
             The game lasted 00:02:11 (14366 turns).

qw the Markself (Deep Elf Hunter)                  Turns: 14366, Time: 00:02:12

Health: -1/82      AC: 17    Str: 12    XL:     13   Next: 85%
Magic:  22/22      EV:  2    Int: 16    God:    Okawaru [*****.]
Gold:   984        SH:  0    Dex: 20    Spells: 12/12 levels left

rFire   . . .        r - +0 arbalest
rCold   . . .        (shield currently unavailable)
rNeg    + + +        g - +5 ring mail of Wonder {rElec Dex+2}
rPois   inf          a - +2 helmet
rElec   +            (no cloak)
rCorr   .            h - +2 pair of gloves
SInv    .            (no boots)
Will    +....        t - amulet of reflection
Stlth   +            l - +5 ring of evasion
HPRegen 0.33/turn    q - +4 ring of slaying {mikee}
MPRegen 0.18/turn

%: reflection
@: petrified
A: no striking features
a: Renounce Religion, Heroism, Finesse, Duel


You were on level 5 of the Lair of Beasts.
You worshipped Okawaru.
Okawaru was extremely pleased with you.
You visited 3 branches of the dungeon, and saw 15 of its levels.

You collected 984 gold pieces.


   Skills:
 + Level 10.1 Fighting
 - Level 18.0 Ranged Weapons
 - Level 5.0 Armour
 - Level 15.0 Dodging
 - Level 1.2 Stealth
 - Level 10.0 Invocations


You had 12 spell levels left.
You didn't know any spells.
Your spell library was empty.

Inventory:

Hand Weapons
 r - a +0 arbalest (weapon)
Armour
 a - a +2 helmet (worn)
 g - the +5 ring mail of Wonder (worn) {rElec Dex+2}
   (You found it on level 2 of the Dungeon)

   Dex+2:     It affects your dexterity (+2).
   rElec:     It insulates you from electricity.
 h - a +2 pair of gloves (worn)
Jewellery
 l - a +5 ring of evasion (left hand)
 q - a +4 ring of slaying (right hand) {mikee}
 t - an amulet of reflection (around neck)
Wands
 n - a wand of roots (10)
 u - a wand of paralysis (17)
 v - a wand of polymorph (7)
Scrolls
 b - 4 scrolls of identify
 c - 4 scrolls of teleportation
 d - 2 scrolls of enchant armour
 i - a scroll of immolation {unknown}
 w - a scroll of torment {unknown}
Potions
 e - 4 potions of curing
 j - a potion of mutation
 k - 3 potions of might
 m - a potion of resistance
 o - a potion of enlightenment
 s - 3 potions of ambrosia {unknown}

Dungeon Overview and Level Annotations

Branches:
Dungeon (9/15)             Temple (1/1) D:5            Lair (5/5) D:9
  Swamp (0/4) Lair:2        Snake (0/4) Lair:2        Slime (0/5) Lair:5
    Orc: D:9-12

Altars:
Ashenzari
Cheibriados
Dithmenos
Elyvilon
Fedhas
Gozag
Hepliaklqana
Kikubaaqudgha
Makhleb
Nemelex Xobeh
Okawaru
Qazlal
Ru
Sif Muna
Trog
Uskayaw
Vehumet
Wu Jian
Xom
Yredelemnul
The Shining One
Jiyva

Shops:
D:2 :   D:5 *

Annotations:
D:7 2 transporters, qw's ghost, novice DjHu
D:9 2 transporters, qw's ghost, novice DEHu
Lair:5 2 runed translucent doors, exclusion: komodo dragon


Message History

You are slowing down.
Your limbs are stiffening.
A basilisk comes into view.
The basilisk hisses angrily.
You block the lindwurm's attack.
The lindwurm claws you but does no damage. x2
You have turned to stone.
The komodo dragon bites you but does no damage.
The lindwurm bites you but does no damage.
The lindwurm claws you but does no damage. x2
The basilisk gazes at you.
You easily resist.
The komodo dragon bites you but does no damage.
The lindwurm bites you but does no damage.
The lindwurm claws you. x2
The komodo dragon bites you. The lindwurm barely misses you.
The lindwurm claws you but does no damage. x2
The basilisk bites you but does no damage.
The komodo dragon bites you!
The lindwurm bites you but does no damage.
The lindwurm claws you but does no damage. x2
The basilisk bites you!
The komodo dragon hisses menacingly.
The komodo dragon bites you!
The lindwurm bites you but does no damage.
The lindwurm claws you but does no damage. x2
The komodo dragon bites you!! The lindwurm bites you.
The lindwurm claws you but does no damage. x2
The basilisk bites you! The basilisk gazes at you.
You easily resist.
The komodo dragon bites you!
The lindwurm bites you but does no damage.
The lindwurm claws you. x2
The basilisk gazes at you. The basilisk completely misses you.
The komodo dragon bites you!
The lindwurm bites you but does no damage.
The lindwurm claws you. x2
You die...

.........### ###. .......### #.~
## ......## #¤ #~ ###... ......##
¤¤¤#~ #8#.... .......# #~#~
....... .......## #¤~~# .......
........# #~¤~##....... ........#
#~~#ll...... ......### ###¤~@#
.....#######8##kl# .....#
#8#8..#.l###..~ ...###
##......~.¤~..¤~##
..######......#~~.~..¤~#~~
.####.........~~.##++##¤¤~ ######
.##.........#¤~.##....##¤~##.##8#
.#........##~¤~.#.. ...#¤¤#......
######........~~#. ...#~#......#


You could see a lindwurm, a komodo dragon and 3 basilisks.

Vanquished Creatures
  Snorg (Lair:3)
  Josephine (Lair:3)
  A catoblepas (Lair:4)
  A two-headed ogre (D:7)
  5 hydras
  Amaemon (Lair:1)
  An oklob plant (Lair:2)
  11 elephants (Lair:5)
  2 molten gargoyles (Lair:5)
  6 black mambas
  4 torpor snails
  An orange demon (Lair:1)
  10 cane toads
  Jeremiah (D:8)
  3 rime drakes
  4 komodo dragons
  A troll (D:8)
  A hornet (Lair:5)
  2 polar bears
  13 blink frogs
  7 dream sheep (Lair:5)
  45 yaks
  9 wyverns
  4 basilisks
  3 wraiths (Lair:3)
  4 steam dragons
  5 vampire mosquitoes (Lair:2)
  Menkaure (D:5)
  2 swamp worms (Lair:3)
  4 nagas (Lair:2)
  21 water moccasins
  4 hell hounds (Lair:5)
  2 sky beasts
  6 black bears
  2 orc warriors
  3 ice beasts
  2 ogres
  18 wolves
  2 kobold brigands
  Blork the orc (D:5)
  12 bullfrogs
  2 gnoll sergeants
  A scorpion (D:6)
  3 killer bees (D:9)
  An electric eel (Lair:5)
  2 howler monkeys
  4 lava snakes (Lair:5)
  3 hounds
  A bombardier beetle (D:4)
  14 jellies
  2 orc priests
  A sleepcap (D:6)
  8 iguanas
  Natasha (thrice) (D:4)
  3 orc wizards
  Robin (D:4)
  13 adders
  17 gnolls
  3 shadow imps
  2 white imps
  2 ufetubi (D:5)
  2 ribbon worms (D:2)
  21 orcs
  10 endoplasms
  2 giant cockroaches
  23 goblins
  11 hobgoblins
  7 jackals
  8 kobolds
  3 quokkas
  10 ball pythons
  3 bats
  A frilled lizard (D:2)
  6 rats
420 creatures vanquished.

Vanquished Creatures (others)
  An adder (D:6)
1 creature vanquished.

Grand Total: 421 creatures vanquished

Notes
Turn   | Place    | Note
-------+----------+-------------------------------------------
     0 | D:1      | qw the Deep Elf Hunter began the quest for the Orb.
     0 | D:1      | Reached XP level 1. HP: 12/12 MP: 3/3
     0 | D:1      | 0 ||| qw: Version: 0.3-a-155-g5e7d8dd
     0 | D:1      | 0 ||| qw: Game counter: 1983
     0 | D:1      | 0 ||| qw: Melee chars always use a shield: true
     0 | D:1      | 0 ||| qw: God list: Okawaru
     0 | D:1      | 0 ||| qw: Allow faded altars: false
     0 | D:1      | 0 ||| qw: Do Orc after clearing Dungeon:15 true
     0 | D:1      | 0 ||| qw: Do second Lair branch before Depths: true
     0 | D:1      | 0 ||| qw: Lair rune preference: random
     0 | D:1      | 0 ||| qw: Goals: Normal
     0 | D:1      | 0 ||| PLANNING D:1-11
    75 | D:1      | Reached XP level 2. HP: 16/16 MP: 4/4
    82 | D:1      | Reached skill level 6 in Ranged Weapons
   115 | D:1      | HP: 3/16 [gnoll/+0 spear (7)]
   476 | D:1      | Reached XP level 3. HP: 18/20 MP: 5/5
   640 | D:1      | 640 ||| UPGRADING to ring of see invisible.
   641 | D:1      | 641 ||| READING scroll labelled JEMUSU CYTONLE.
   641 | D:1      | 641 ||| ENCHANTING +0 shortbow.
   642 | D:1      | 642 ||| READING scroll labelled QONAWA SUDGHA.
   643 | D:1      | 643 ||| READING scroll labelled OPATWO RUFRAVA.
   644 | D:1      | 644 ||| DROPPING scroll of butterflies.
   809 | D:2      | Reached skill level 7 in Ranged Weapons
   994 | D:2      | Identified the +5 ring mail of Wonder {rElec Dex+2}
  1069 | D:2      | Reached XP level 4. HP: 12/25 MP: 6/6
  1335 | D:2      | Found Busousk's Book Boutique.
  1535 | D:2      | 1535 ||| UPGRADING to +0 ring mail.
  1545 | D:2      | 1545 ||| DROPPING +0 leather armour.
  1546 | D:2      | 1546 ||| UPGRADING to +5 ring mail of Wonder {rElec Dex+2}.
  1556 | D:2      | 1556 ||| DROPPING +0 ring mail.
  1557 | D:2      | 1557 ||| READING 3 scrolls labelled WURODI XOR WUS.
  1557 | D:2      | 1557 ||| IDENTIFYING bubbling grey potion
  1558 | D:2      | 1558 ||| READING 2 scrolls of identify.
  1558 | D:2      | 1558 ||| IDENTIFYING glowing puce potion
  1559 | D:2      | 1559 ||| READING scroll of identify.
  1559 | D:2      | 1559 ||| IDENTIFYING scroll labelled RIAGUI GAPEC
  1560 | D:2      | 1560 ||| READING scroll of enchant weapon.
  1560 | D:2      | 1560 ||| ENCHANTING +0 shortbow.
  1574 | D:3      | 1574 ||| STAIRDANCE
  1581 | D:2      | Reached skill level 8 in Ranged Weapons
  1674 | D:3      | Reached XP level 5. HP: 29/29 MP: 7/7
  1709 | D:3      | 1709 ||| FLEEEEING.
  1803 | D:3      | 1803 ||| READING scroll of enchant weapon.
  1803 | D:3      | 1803 ||| ENCHANTING +1 shortbow.
  2280 | D:3      | 2280 ||| UPGRADING to +4 ring of slaying {mikee}.
  2281 | D:3      | 2281 ||| READING scroll of identify.
  2281 | D:3      | 2281 ||| IDENTIFYING white potion
  2282 | D:3      | 2282 ||| READING scroll labelled CEUJ AVYRYOFOW.
  2283 | D:3      | 2283 ||| READING scroll labelled YBOYBRYUCY.
  2384 | D:3      | 2384 ||| READING scroll labelled NILIHIUWANO.
  2387 | D:3      | 2387 ||| DRINKING 2 bubbling purple potions.
  2388 | D:3      | 2388 ||| DROPPING potion of invisibility.
  2408 | D:4      | Noticed Natasha
  2410 | D:4      | Killed Natasha
  2411 | D:4      | Reached skill level 9 in Ranged Weapons
  2517 | D:4      | 2517 ||| FLEEEEING.
  2519 | D:4      | 2519 ||| FLEEEEING.
  2520 | D:4      | 2520 ||| FLEEEEING.
  2521 | D:4      | 2521 ||| FLEEEEING.
  2522 | D:4      | 2522 ||| FLEEEEING.
  2523 | D:4      | 2523 ||| FLEEEEING.
  2524 | D:4      | 2524 ||| FLEEEEING.
  2525 | D:4      | 2525 ||| FLEEEEING.
  2526 | D:4      | 2526 ||| FLEEEEING.
  2527 | D:4      | 2527 ||| FLEEEEING.
  2528 | D:4      | 2528 ||| FLEEEEING.
  2529 | D:4      | 2529 ||| FLEEEEING.
  2530 | D:4      | 2530 ||| FLEEEEING.
  2531 | D:4      | 2531 ||| FLEEEEING.
  2689 | D:4      | Found a stormy altar of Qazlal.
  2783 | D:4      | Reached skill level 3 in Dodging
  2783 | D:4      | Reached XP level 6. HP: 35/35 MP: 8/8
  2786 | D:4      | Noticed Natasha
  2792 | D:4      | Killed Natasha
  2826 | D:4      | 2826 ||| SWAPPING to +2 shortbow of flaming.
  2827 | D:4      | 2827 ||| DROPPING +2 shortbow.
  2851 | D:4      | Found a shimmering blue altar of Sif Muna.
  3125 | D:4      | Noticed Robin
  3134 | D:4      | Killed Robin
  3179 | D:4      | Identified the beast talisman of the Kodama {rN+ Int-5
                  | Dex+6}
  3250 | D:4      | Noticed Natasha
  3257 | D:4      | Killed Natasha
  3300 | D:4      | HP: 6/35 [ogre/+0 giant spiked club (29)]
  3302 | D:4      | Reached skill level 10 in Ranged Weapons
  3430 | D:4      | 3430 ||| UPGRADING to +0 helmet.
  3435 | D:4      | 3435 ||| READING 4 scrolls of enchant armour.
  3435 | D:4      | 3435 ||| ENCHANTING +0 helmet.
  3436 | D:4      | 3436 ||| READING 3 scrolls of enchant armour.
  3436 | D:4      | 3436 ||| ENCHANTING +1 helmet.
  3437 | D:4      | 3437 ||| DRINKING 2 bubbling brown potions.
  3457 | D:5      | Entered Level 5 of the Dungeon
  3489 | D:5      | Found Ysemefabb's Serpentskin Sales.
  3490 | D:5      | Noticed a water moccasin
  3491 | D:5      | Noticed a water moccasin
  3491 | D:5      | 3491 ||| RETREEEEATING.
  3492 | D:5      | 3492 ||| ZAPPING wand of mindburst (3) at -1,0 (water
                  | moccasin; floor).
  3493 | D:5      | 3493 ||| ZAPPING wand of mindburst (2) at -1,0 (water
                  | moccasin; floor).
  3494 | D:5      | 3494 ||| ZAPPING wand of mindburst (1) at -1,0 (water
                  | moccasin; floor).
  3494 | D:5      | Killed a water moccasin
  3495 | D:5      | Reached XP level 7. HP: 36/40 MP: 9/9
  3502 | D:5      | Reached skill level 11 in Ranged Weapons
  3529 | D:5      | 3529 ||| SHOPLISTING ring of poison resistance (280 gold,
                  | have 237).
  3593 | D:5      | Noticed Menkaure
  3596 | D:5      | Killed Menkaure
  3618 | D:5      | Reached XP level 8. HP: 44/44 MP: 10/10
  3682 | D:5      | Noticed Blork the orc
  3686 | D:5      | Killed Blork the orc
  3729 | D:5      | Found a staircase to the Ecumenical Temple.
  3730 | D:5      | 3730 ||| PLANNING TEMPLE
  3730 | D:5      | 3730 ||| READING scroll labelled XOIRUNE VITEI.
  3736 | Temple   | Entered the Ecumenical Temple
  3737 | Temple   | 3737 ||| PLANNING D:1-11
  3767 | D:5      | 3767 ||| RETREEEEATING.
  3768 | D:5      | 3768 ||| RETREEEEATING.
  3769 | D:5      | 3769 ||| RETREEEEATING.
  3770 | D:5      | 3770 ||| RETREEEEATING.
  3771 | D:5      | 3771 ||| RETREEEEATING.
  3773 | D:5      | 3773 ||| RETREEEEATING.
  3784 | D:5      | Reached skill level 12 in Ranged Weapons
  3815 | D:5      | Found an ornate altar of the Wu Jian Council.
  3993 | D:5      | 3993 ||| UPGRADING to +5 ring of evasion.
  3995 | D:5      | 3995 ||| DROPPING ring of see invisible.
  3996 | D:5      | 3996 ||| DRINKING 2 grey potions.
  4054 | D:6      | Found a burning altar of Makhleb.
  4056 | D:6      | Reached skill level 3 in Fighting
  4279 | D:6      | 4279 ||| Stepping ~*~*~tactically~*~*~ (cloud).
  4285 | D:6      | HP: 8/46 [steam dragon/ball of steam (8)]
  4291 | D:6      | 4291 ||| FLEEEEING.
  4296 | D:6      | 4296 ||| FLEEEEING.
  4297 | D:6      | 4297 ||| FLEEEEING.
  4298 | D:6      | 4298 ||| FLEEEEING.
  4299 | D:6      | 4299 ||| FLEEEEING.
  4300 | D:6      | 4300 ||| FLEEEEING.
  4301 | D:6      | 4301 ||| FLEEEEING.
  4302 | D:6      | 4302 ||| FLEEEEING.
  4303 | D:6      | 4303 ||| FLEEEEING.
  4304 | D:6      | 4304 ||| FLEEEEING.
  4305 | D:6      | 4305 ||| FLEEEEING.
  4306 | D:6      | 4306 ||| FLEEEEING.
  4307 | D:6      | 4307 ||| FLEEEEING.
  4308 | D:6      | 4308 ||| FLEEEEING.
  4309 | D:6      | 4309 ||| FLEEEEING.
  4310 | D:6      | 4310 ||| FLEEEEING.
  4311 | D:6      | 4311 ||| FLEEEEING.
  4312 | D:6      | 4312 ||| FLEEEEING.
  4313 | D:6      | 4313 ||| FLEEEEING.
  4314 | D:6      | 4314 ||| FLEEEEING.
  4315 | D:6      | 4315 ||| FLEEEEING.
  4316 | D:6      | 4316 ||| FLEEEEING.
  4317 | D:6      | 4317 ||| FLEEEEING.
  4318 | D:6      | 4318 ||| FLEEEEING.
  4319 | D:6      | 4319 ||| FLEEEEING.
  4409 | D:6      | 4409 ||| FLEEEEING.
  4410 | D:6      | 4410 ||| FLEEEEING.
  4418 | D:6      | Reached skill level 13 in Ranged Weapons
  4708 | D:6      | Found a snail-covered altar of Cheibriados.
  4921 | D:6      | Reached skill level 14 in Ranged Weapons
  4924 | D:6      | Reached XP level 9. HP: 51/51 MP: 11/11
  4956 | D:6      | 4956 ||| UPGRADING to +0 pair of gloves.
  4961 | D:6      | 4961 ||| READING 3 scrolls of enchant armour.
  4961 | D:6      | 4961 ||| ENCHANTING +0 pair of gloves.
  4962 | D:6      | 4962 ||| READING 2 scrolls of enchant armour.
  4962 | D:6      | 4962 ||| ENCHANTING +1 pair of gloves.
  4999 | D:7      | Found a transporter.
  5036 | D:7      | Found a transporter.
  5040 | D:7      | Noticed qw's ghost (novice DjHu)
  5041 | D:7      | Noticed a white ugly thing
  5153 | D:7      | Noticed a two-headed ogre
  5159 | D:7      | Killed a two-headed ogre
  5387 | D:7      | 5387 ||| FLEEEEING.
  5388 | D:7      | 5388 ||| FLEEEEING.
  5389 | D:7      | 5389 ||| FLEEEEING.
  5437 | D:7      | Found an opulent altar of Gozag.
  5440 | D:7      | Found a blossoming altar of Fedhas.
  6271 | D:7      | 6271 ||| READING scroll labelled BEROIV GOHOA.
  6361 | D:8      | Noticed a troll
  6362 | D:8      | 6362 ||| ZAPPING wand of paralysis (8) at -1,-1 (troll;
                  | floor).
  6363 | D:8      | 6363 ||| ZAPPING wand of paralysis (7) at -1,-1 (troll;
                  | floor).
  6364 | D:8      | 6364 ||| ZAPPING wand of paralysis (6) at -1,-1 (troll;
                  | floor).
  6365 | D:8      | 6365 ||| ZAPPING wand of paralysis (5) at -1,-1 (troll;
                  | floor).
  6366 | D:8      | 6366 ||| FLEEEEING.
  6373 | D:8      | 6373 ||| ZAPPING wand of paralysis (4) at 1,-1 (troll;
                  | floor).
  6374 | D:8      | 6374 ||| ZAPPING wand of paralysis (3) at 1,-1 (troll;
                  | floor).
  6375 | D:8      | 6375 ||| FLEEEEING.
  6376 | D:8      | 6376 ||| FLEEEEING.
  6377 | D:8      | 6377 ||| FLEEEEING.
  6390 | D:8      | 6390 ||| ZAPPING wand of paralysis (2) at 1,1 (troll;
                  | floor).
  6391 | D:8      | 6391 ||| ZAPPING wand of paralysis (1) at 1,1 (troll;
                  | floor).
  6395 | D:8      | Killed a troll
  6396 | D:8      | Reached skill level 6 in Fighting
  6489 | D:8      | Found an iron altar of Okawaru.
  6490 | D:8      | 6490 ||| PLANNING OKAWARU WORSHIP
  6490 | D:8      | 6490 ||| READING scroll of identify.
  6490 | D:8      | 6490 ||| IDENTIFYING dark potion
  6491 | D:8      | 6491 ||| DROPPING potion of attraction.
  6494 | D:8      | Became a worshipper of Warmaster Okawaru
  6495 | D:8      | 6495 ||| PLANNING D:1-11
  6661 | D:8      | Reached XP level 10. HP: 60/60 MP: 12/12
  6724 | D:8      | Found a white marble altar of Elyvilon.
  6748 | D:8      | 6748 ||| RETREEEEATING.
  6749 | D:8      | 6749 ||| RETREEEEATING.
  6752 | D:8      | 6752 ||| RETREEEEATING.
  6764 | D:8      | Reached skill level 9 in Dodging
  6777 | D:8      | Reached * piety under Okawaru
  6781 | D:8      | Reached skill level 3 in Armour
  6781 | D:8      | Reached skill level 1 in Invocations
  7108 | D:8      | 7108 ||| READING scroll labelled WOPPYV LUOWK.
  7129 | D:9      | 7129 ||| STAIRDANCE
  7145 | D:9      | 7145 ||| STAIRDANCE
  7154 | D:9      | 7154 ||| STAIRDANCE
  7178 | D:9      | 7178 ||| STAIRDANCE
  7250 | D:9      | 7250 ||| STAIRDANCE
  7255 | D:9      | 7255 ||| STAIRDANCE
  7279 | D:9      | 7279 ||| STAIRDANCE
  7290 | D:9      | 7290 ||| STAIRDANCE
  7295 | D:9      | 7295 ||| STAIRDANCE
  7309 | D:9      | Noticed Jeremiah
  7321 | D:9      | 7321 ||| STAIRDANCE
  7425 | D:9      | 7425 ||| STAIRDANCE
  7433 | D:8      | Killed Jeremiah
  7434 | D:8      | Reached skill level 3 in Invocations
  7470 | D:9      | 7470 ||| STAIRDANCE
  7530 | D:9      | 7530 ||| STAIRDANCE
  7539 | D:9      | Reached ** piety under Okawaru
  7574 | D:9      | 7574 ||| RETREEEEATING.
  7575 | D:9      | 7575 ||| SWAPPING to +0 arbalest.
  7576 | D:9      | 7576 ||| INVOKING Heroism.
  7589 | D:9      | 7589 ||| RETREEEEATING.
  7590 | D:9      | 7590 ||| RETREEEEATING.
  7591 | D:9      | 7591 ||| RETREEEEATING.
  7592 | D:9      | 7592 ||| RETREEEEATING.
  7593 | D:9      | 7593 ||| RETREEEEATING.
  7594 | D:9      | 7594 ||| RETREEEEATING.
  7595 | D:9      | 7595 ||| RETREEEEATING.
  7596 | D:9      | 7596 ||| RETREEEEATING.
  7597 | D:9      | Reached skill level 15 in Ranged Weapons
  7597 | D:9      | 7597 ||| RETREEEEATING.
  7600 | D:9      | Reached *** piety under Okawaru
  7610 | D:9      | 7610 ||| INVOKING Heroism.
  7641 | D:9      | 7641 ||| RETREEEEATING.
  7643 | D:9      | Reached XP level 11. HP: 36/67 MP: 16/16
  7743 | D:9      | 7743 ||| DROPPING +2 shortbow of flaming.
  7745 | D:9      | Found a staircase to the Lair.
  7939 | D:9      | Found a hide-covered altar of Uskayaw.
  8058 | D:9      | Found a sparkling altar of Nemelex Xobeh.
  8157 | D:9      | Found a transporter.
  8164 | D:9      | Found a transporter.
  8164 | D:9      | Noticed qw's ghost (novice DEHu)
  8165 | D:9      | Noticed a two-headed ogre
  8188 | D:9      | Noticed a two-headed ogre
  8194 | D:9      | Identified the +9 giant club of Cacotoh {holy, Int+5 Dex+3}
  8194 | D:9      | Identified the +7 giant spiked club "Seeh" {pain, *Rage
                  | rElec rPois rN++ SInv}
  8194 | D:9      | Noticed a two-headed ogre
  8358 | D:9      | 8358 ||| PLANNING LAIR
  8358 | D:9      | 8358 ||| DROPPING amulet of magic regeneration.
  8359 | D:9      | 8359 ||| READING scroll of identify.
  8359 | D:9      | 8359 ||| IDENTIFYING fizzy brown potion
  8392 | Lair:1   | Entered Level 1 of the Lair of Beasts
  8413 | Lair:1   | Noticed Amaemon
  8415 | Lair:1   | 8415 ||| INVOKING Heroism.
  8423 | Lair:1   | Killed Amaemon
  8424 | Lair:1   | Reached skill level 16 in Ranged Weapons
  8523 | Lair:1   | 8523 ||| RETREEEEATING.
  8634 | Lair:1   | Reached **** piety under Okawaru
  8638 | Lair:1   | Reached skill level 17 in Ranged Weapons
  8775 | Lair:1   | 8775 ||| RETREEEEATING.
  8776 | Lair:1   | 8776 ||| RETREEEEATING.
  8777 | Lair:1   | 8777 ||| RETREEEEATING.
  8778 | Lair:1   | 8778 ||| RETREEEEATING.
  8831 | Lair:1   | 8831 ||| RETREEEEATING.
  8833 | Lair:1   | 8833 ||| RETREEEEATING.
  8834 | Lair:1   | 8834 ||| RETREEEEATING.
  8835 | Lair:1   | 8835 ||| RETREEEEATING.
  8923 | Lair:1   | Noticed an eight-headed hydra
  8924 | Lair:1   | 8924 ||| INVOKING Finesse.
  8927 | Lair:1   | Killed an eight-headed hydra
  8928 | Lair:1   | Reached skill level 6 in Invocations
  9280 | Lair:1   | 9280 ||| UPGRADING to amulet of regeneration.
  9285 | Lair:1   | 9285 ||| READING scroll of identify.
  9285 | Lair:1   | 9285 ||| IDENTIFYING sapphire potion
  9286 | Lair:1   | 9286 ||| DROPPING potion of lignification.
  9345 | Lair:2   | 9345 ||| RETREEEEATING.
  9353 | Lair:2   | 9353 ||| RETREEEEATING.
  9354 | Lair:2   | 9354 ||| RETREEEEATING.
  9355 | Lair:2   | 9355 ||| RETREEEEATING.
  9356 | Lair:2   | 9356 ||| RETREEEEATING.
  9366 | Lair:2   | Reached ***** piety under Okawaru
  9491 | Lair:2   | Reached skill level 18 in Ranged Weapons
  9679 | Lair:2   | 9679 ||| RETREEEEATING.
  9691 | Lair:2   | Received a gift from Okawaru
  9718 | Lair:2   | Found a staircase to the Snake Pit.
  9727 | Lair:2   | 9727 ||| RETREEEEATING.
  9786 | Lair:2   | Found a staircase to the Swamp.
  9787 | Lair:2   | 9787 ||| RETREEEEATING.
  9788 | Lair:2   | 9788 ||| RETREEEEATING.
  9789 | Lair:2   | 9789 ||| RETREEEEATING.
  9790 | Lair:2   | 9790 ||| RETREEEEATING.
  9791 | Lair:2   | 9791 ||| RETREEEEATING.
  9792 | Lair:2   | 9792 ||| RETREEEEATING.
  9793 | Lair:2   | 9793 ||| RETREEEEATING.
  9794 | Lair:2   | 9794 ||| RETREEEEATING.
  9795 | Lair:2   | 9795 ||| RETREEEEATING.
  9796 | Lair:2   | 9796 ||| RETREEEEATING.
  9797 | Lair:2   | 9797 ||| RETREEEEATING.
  9798 | Lair:2   | 9798 ||| RETREEEEATING.
  9799 | Lair:2   | 9799 ||| RETREEEEATING.
  9800 | Lair:2   | 9800 ||| RETREEEEATING.
  9801 | Lair:2   | 9801 ||| RETREEEEATING.
  9802 | Lair:2   | 9802 ||| RETREEEEATING.
  9803 | Lair:2   | 9803 ||| RETREEEEATING.
  9804 | Lair:2   | 9804 ||| RETREEEEATING.
  9805 | Lair:2   | 9805 ||| RETREEEEATING.
  9806 | Lair:2   | 9806 ||| RETREEEEATING.
  9807 | Lair:2   | 9807 ||| RETREEEEATING.
  9808 | Lair:2   | 9808 ||| INVOKING Finesse.
  9813 | Lair:2   | Reached XP level 12. HP: 40/72 MP: 13/19
  9997 | Lair:2   | 9997 ||| RETREEEEATING.
  9998 | Lair:2   | 9998 ||| RETREEEEATING.
 10002 | Lair:2   | 10002 ||| RETREEEEATING.
 10003 | Lair:2   | 10003 ||| RETREEEEATING.
 10004 | Lair:2   | 10004 ||| RETREEEEATING.
 10014 | Lair:2   | 10014 ||| RETREEEEATING.
 10015 | Lair:2   | 10015 ||| RETREEEEATING.
 10033 | Lair:2   | Found a radiant altar of Vehumet.
 10273 | Lair:2   | 10273 ||| UPGRADING to amulet of reflection.
 10283 | Lair:2   | 10283 ||| DROPPING amulet of regeneration.
 10284 | Lair:2   | 10284 ||| READING scroll of identify.
 10284 | Lair:2   | 10284 ||| IDENTIFYING bubbling silvery potion
 10285 | Lair:2   | 10285 ||| DROPPING potion of brilliance.
 10458 | Lair:3   | Noticed Josephine
 10462 | Lair:3   | 10462 ||| INVOKING Finesse.
 10471 | Lair:3   | Killed Josephine
 10589 | Lair:3   | Reached skill level 9 in Invocations
 10720 | Lair:3   | Received a gift from Okawaru
 10751 | Lair:3   | Noticed a six-headed hydra
 10752 | Lair:3   | 10752 ||| INVOKING Finesse.
 10761 | Lair:3   | Killed a six-headed hydra
 10816 | Lair:3   | 10816 ||| RETREEEEATING.
 10817 | Lair:3   | 10817 ||| RETREEEEATING.
 10819 | Lair:3   | 10819 ||| RETREEEEATING.
 10820 | Lair:3   | 10820 ||| RETREEEEATING.
 10957 | Lair:3   | Noticed Snorg
 10958 | Lair:3   | 10958 ||| INVOKING Finesse.
 10965 | Lair:3   | 10965 ||| INVOKING Heroism.
 10971 | Lair:3   | Killed Snorg
 11295 | Lair:3   | 11295 ||| DROPPING ring of flight.
 11296 | Lair:3   | 11296 ||| READING scroll of identify.
 11296 | Lair:3   | 11296 ||| IDENTIFYING fuming brown potion
 11297 | Lair:3   | 11297 ||| READING scroll labelled VANKEL CUCEM.
 11299 | Lair:3   | 11299 ||| Stepping ~*~*~tactically~*~*~ (cloud).
 11486 | Lair:4   | 11486 ||| RETREEEEATING.
 11487 | Lair:4   | 11487 ||| RETREEEEATING.
 11489 | Lair:4   | 11489 ||| RETREEEEATING.
 11490 | Lair:4   | 11490 ||| RETREEEEATING.
 11715 | Lair:4   | Noticed a catoblepas
 11716 | Lair:4   | 11716 ||| Stepping ~*~*~tactically~*~*~ (cloud).
 11720 | Lair:4   | 11720 ||| INVOKING Finesse.
 11723 | Lair:4   | 11723 ||| Stepping ~*~*~tactically~*~*~ (cloud).
 11724 | Lair:4   | 11724 ||| Stepping ~*~*~tactically~*~*~ (cloud).
 11727 | Lair:4   | Killed a catoblepas
 11791 | Lair:4   | Found a snail-covered altar of Cheibriados.
 11827 | Lair:4   | Noticed a seven-headed hydra
 11828 | Lair:4   | 11828 ||| INVOKING Finesse.
 11836 | Lair:4   | Killed a seven-headed hydra
 11864 | Lair:4   | 11864 ||| INVOKING Finesse.
 11869 | Lair:4   | Reached skill level 9 in Fighting
 11922 | Lair:4   | 11922 ||| RETREEEEATING.
 11951 | Lair:4   | 11951 ||| INVOKING Finesse.
 12168 | Lair:4   | 12168 ||| INVOKING Finesse.
 12169 | Lair:4   | 12169 ||| INVOKING Heroism.
 12234 | Lair:4   | 12234 ||| RETREEEEATING.
 12235 | Lair:4   | 12235 ||| RETREEEEATING.
 12236 | Lair:4   | 12236 ||| RETREEEEATING.
 12237 | Lair:4   | 12237 ||| RETREEEEATING.
 12238 | Lair:4   | 12238 ||| RETREEEEATING.
 12239 | Lair:4   | 12239 ||| RETREEEEATING.
 12240 | Lair:4   | 12240 ||| RETREEEEATING.
 12241 | Lair:4   | 12241 ||| RETREEEEATING.
 12242 | Lair:4   | 12242 ||| INVOKING Heroism.
 12243 | Lair:4   | 12243 ||| RETREEEEATING.
 12244 | Lair:4   | 12244 ||| RETREEEEATING.
 12245 | Lair:4   | 12245 ||| RETREEEEATING.
 12246 | Lair:4   | 12246 ||| RETREEEEATING.
 12247 | Lair:4   | 12247 ||| RETREEEEATING.
 12248 | Lair:4   | 12248 ||| RETREEEEATING.
 12249 | Lair:4   | 12249 ||| RETREEEEATING.
 12250 | Lair:4   | 12250 ||| RETREEEEATING.
 12253 | Lair:4   | 12253 ||| RETREEEEATING.
 12254 | Lair:4   | 12254 ||| RETREEEEATING.
 12255 | Lair:4   | 12255 ||| RETREEEEATING.
 12258 | Lair:4   | 12258 ||| DRINKING potion of haste.
 12263 | Lair:4   | Reached XP level 13. HP: 79/80 MP: 22/22
 12265 | Lair:4   | Reached skill level 12 in Dodging
 12504 | Lair:4   | 12504 ||| READING 2 scrolls of identify.
 12504 | Lair:4   | 12504 ||| IDENTIFYING murky pink potion
 12519 | Lair:5   | Entered Level 5 of the Lair of Beasts
 12531 | Lair:5   | 12531 ||| RETREEEEATING.
 12532 | Lair:5   | 12532 ||| INVOKING Finesse.
 12695 | Lair:5   | 12695 ||| RETREEEEATING.
 12696 | Lair:5   | 12696 ||| RETREEEEATING.
 12697 | Lair:5   | 12697 ||| RETREEEEATING.
 12698 | Lair:5   | 12698 ||| RETREEEEATING.
 12699 | Lair:5   | 12699 ||| RETREEEEATING.
 12700 | Lair:5   | 12700 ||| RETREEEEATING.
 12701 | Lair:5   | 12701 ||| RETREEEEATING.
 12702 | Lair:5   | 12702 ||| RETREEEEATING.
 12703 | Lair:5   | 12703 ||| RETREEEEATING.
 12704 | Lair:5   | 12704 ||| RETREEEEATING.
 12705 | Lair:5   | 12705 ||| RETREEEEATING.
 12707 | Lair:5   | 12707 ||| RETREEEEATING.
 12708 | Lair:5   | 12708 ||| RETREEEEATING.
 12709 | Lair:5   | 12709 ||| RETREEEEATING.
 12795 | Lair:5   | Found a viscous altar of Jiyva.
 12799 | Lair:5   | Found a staircase to the Slime Pits.
 13124 | Lair:5   | 13124 ||| RETREEEEATING.
 13131 | Lair:5   | 13131 ||| RETREEEEATING.
 13135 | Lair:5   | 13135 ||| RETREEEEATING.
 13136 | Lair:5   | 13136 ||| RETREEEEATING.
 13140 | Lair:5   | 13140 ||| RETREEEEATING.
 13147 | Lair:5   | 13147 ||| INVOKING Finesse.
 13358 | Lair:5   | 13358 ||| RETREEEEATING.
 13359 | Lair:5   | 13359 ||| INVOKING Finesse.
 13402 | Lair:5   | Received a gift from Okawaru
 13406 | Lair:5   | 13406 ||| INVOKING Finesse.
 13674 | Lair:5   | 13674 ||| RETREEEEATING.
 13675 | Lair:5   | 13675 ||| RETREEEEATING.
 13676 | Lair:5   | 13676 ||| RETREEEEATING.
 13677 | Lair:5   | 13677 ||| RETREEEEATING.
 13678 | Lair:5   | 13678 ||| RETREEEEATING.
 13679 | Lair:5   | 13679 ||| RETREEEEATING.
 13682 | Lair:5   | 13682 ||| RETREEEEATING.
 13683 | Lair:5   | 13683 ||| RETREEEEATING.
 13684 | Lair:5   | 13684 ||| RETREEEEATING.
 13685 | Lair:5   | 13685 ||| RETREEEEATING.
 13686 | Lair:5   | 13686 ||| RETREEEEATING.
 13687 | Lair:5   | 13687 ||| RETREEEEATING.
 13691 | Lair:5   | 13691 ||| RETREEEEATING.
 13693 | Lair:5   | 13693 ||| RETREEEEATING.
 13696 | Lair:5   | 13696 ||| RETREEEEATING.
 13697 | Lair:5   | 13697 ||| RETREEEEATING.
 13698 | Lair:5   | 13698 ||| RETREEEEATING.
 13699 | Lair:5   | 13699 ||| RETREEEEATING.
 13700 | Lair:5   | 13700 ||| RETREEEEATING.
 13701 | Lair:5   | 13701 ||| RETREEEEATING.
 13702 | Lair:5   | 13702 ||| RETREEEEATING.
 13703 | Lair:5   | 13703 ||| RETREEEEATING.
 13704 | Lair:5   | 13704 ||| RETREEEEATING.
 13705 | Lair:5   | 13705 ||| RETREEEEATING.
 13706 | Lair:5   | 13706 ||| RETREEEEATING.
 13707 | Lair:5   | 13707 ||| RETREEEEATING.
 13713 | Lair:5   | 13713 ||| RETREEEEATING.
 13968 | Lair:5   | 13968 ||| DRINKING 2 potions of cancellation.
 13971 | Lair:5   | 13971 ||| DRINKING potion of cancellation.
 14025 | Lair:5   | Reached skill level 15 in Dodging
 14025 | Lair:5   | 14025 ||| FLEEEEING.
 14026 | Lair:5   | 14026 ||| FLEEEEING.
 14070 | Lair:5   | HP: 12/82 [komodo dragon (13)]
 14071 | Lair:5   | 14071 ||| READING 5 scrolls of teleportation.
 14072 | Lair:5   | 14072 ||| DRINKING potion of heal wounds.
 14300 | Lair:5   | Found a large runed translucent door.
 14340 | Lair:5   | 14340 ||| RETREEEEATING.
 14355 | Lair:5   | Found a large runed translucent door.
 14364 | Lair:5   | HP: 20/82 [komodo dragon (12)]
 14365 | Lair:5   | HP: 9/82 [komodo dragon (6)]
 14366 | Lair:5   | HP: 3/82 [komodo dragon (4)]
 14366 | Lair:5   | HP: 1/82 [lindwurm (2)]
 14366 | Lair:5   | Slain by a lindwurm

Levels and vault maps discovered:
D:1:      minmay_arrival_shattered_statue, layout_loops_ring, st_stairs_8
D:2:      minmay_diamond_boxcup, layout_basic, serial_shops, shop
D:3:      layout_loops_cross, grunt_decor_junction,
          amcnicky_mini_rare_corridor_liquid
D:4:      kennysheep_goblin_castle, layout_loops_cross, lemuel_doored_altar,
          old_standard_altar, uniq_natasha
D:5:      layout_rooms, nicolae_wu_jian_glorious_leap,
          minmay_temple_entry_purple_smoke, hex_tiny, guppyfry_shop_venom,
          uniq_blork_the_orc, uniq_menkaure
D:6:      kennysheep_spiral_hall, layout_loops_ring,
          mainiacjoe_overflow_boulevard, makhleb_blood_cavern_becter,
          minmay_misc_feat_iff, minmay_fountain_box
D:7:      layout_layer_cave, nicolae_overflow_squiral, gammafunk_ghost_arena
D:8:      layout_loops_cross, mainiacjoe_overflow_alcove_2, kennysheep_mini
D:9:      layout_loops_cross, nemelex_spade_bored_becter,
          mainiacjoe_overflow_tiny_flanked, due_lair_maze_entry_diamond,
          gammafunk_ghost_smash, kennysheep_decorative_pillar,
          chequers_mini_garden, grunt_ministairs_6, minmay_misc_feat_enclosed,
          hangedman_abyss_or_decor_passed, uniq_jeremiah
Temple:   jpeg_temple_alley_garden
Lair:1:   layout_gridlike, beast_lair_carwin_7, infiniplex_staircase_pool,
          uniq_amaemon
Lair:2:   layout_loops_ring, minmay_swamp_entry_swarm,
          minmay_snake_entry_guardpost_medium, lemuel_oklob_altar
Lair:3:   layout_concentric_octagons, worms_lemuel, uniq_snorg, uniq_josephine
Lair:4:   layout_gridlike, kennysheep_snail_temple
Lair:5:   cheibrodos_lair_end_hotspot, layout_regular_city,
          minmay_slime_entry_jelly_boxes, pdpol_lair_cavern_descent

Skill      XL: |  1  2  3  4  5  6  7  8  9 10 11 12 13 |
---------------+----------------------------------------+-----
Ranged Weapons | 6 7 8 9 10 11 14 15 18 | 18.0
Fighting       | 2 3 6 7 9 10 | 10.1
Dodging        | 3 5 8 9 10 11 15 | 15.0
Armour         | 2 3 4 5 |  5.0
Invocations    | 4 7 10 | 10.0
Stealth        | |  1.2

Action                     |  1- 3 |  4- 6 |  7- 9 | 10-12 | 13-15 || total
---------------------------+-------+-------+-------+-------+-------++-------
   Fire: Shortbow          |   137 |   130 |   206 |   121 |       ||   594
         Arbalest          |       |       |       |   501 |   322 ||   823
 Invoke: Heroism           |       |       |       |     6 |       ||     6
         Finesse           |       |       |       |    10 |     4 ||    14
  Evoke: Wand              |       |     3 |     8 |       |       ||    11
    Use: Scroll            |     3 |    11 |     5 |     6 |     2 ||    27
         Potion            |       |     2 |     1 |     1 |     3 ||     7
 Armour: Leather armour    |    30 |     4 |       |       |       ||    34
         Ring mail         |       |    21 |    59 |   164 |   123 ||   367
  Dodge: Dodged            |    38 |    18 |    72 |   441 |   219 ||   788
  Block: Other             |       |       |       |    18 |    46 ||    64

Table legend:
 A = Non-vault XP
 B = Vault XP
 C = Vault XP percentage of total XP
 D = Non-vault monster count
 E = Vault monster count
 F = Vault count percentage of total count
                 A         B        C        D         E       F
            +---------+---------+-------+---------+---------+-------
      Total |   39419 |   21157 |  34.9 |     289 |     131 |  31.2
            +---------+---------+-------+---------+---------+-------
        D:1 |      42 |       4 |   8.7 |      19 |       2 |   9.5
        D:2 |      56 |      48 |  46.2 |      23 |       7 |  23.3
        D:3 |     123 |       0 |   0.0 |      14 |       0 |   0.0
        D:4 |     344 |      87 |  20.2 |      15 |      22 |  59.5
        D:5 |     448 |     605 |  57.5 |      19 |       7 |  26.9
        D:6 |     660 |     445 |  40.3 |      15 |       5 |  25.0
        D:7 |    1785 |       0 |   0.0 |      20 |       0 |   0.0
        D:8 |    2757 |     470 |  14.6 |      32 |       2 |   5.9
        D:9 |    2000 |    1496 |  42.8 |      16 |      10 |  38.5
     Lair:1 |    3236 |    3250 |  50.1 |      14 |      13 |  48.1
     Lair:2 |    5005 |    2113 |  29.7 |      30 |      10 |  25.0
     Lair:3 |    3502 |    2793 |  44.4 |      13 |       7 |  35.0
     Lair:4 |    6836 |     816 |  10.7 |      25 |       2 |   7.4
     Lair:5 |   12625 |    9030 |  41.7 |      34 |      44 |  56.4
            +---------+---------+-------+---------+---------+-------
